 Dungeon Sprint DCSS version 0.31-a0-152-g6aa68a64a1 (webtiles) character file.

Game seed: 13727376381390608530

6944 Conn the Eclecticist (level 11, -10/61 HPs)
             Began as an Octopode Fire Elementalist on June 10, 2023.
             Was a High Priest of Sif Muna.
             Killed by an exploding hornet (18 damage)
             ... while paralysed by a hornet
             ... ignited by their inner flame
             ... in the Dungeon (Sprint I: "Red Sonja").
             The game lasted 00:16:20 (1295 turns).

Conn the Eclecticist (Octopode Fire Elementalist)   Turns: 1295, Time: 00:16:21

Health: -10/61     AC:  1    Str: 13    XL:     11   Next: 7%
Magic:  23/30      EV:  2    Int: 21    God:    Sif Muna [*****.]
Gold:   850        SH:  0    Dex: 14    Spells: 23/40 levels left

rFire   . . .        g - +1 dagger (drain)
rCold   . . .        (no shield)
rNeg    . . .        (helmet restricted)
rPois   .            (no amulet)
rElec   .            i - +6 ring of strength
rCorr   .            (no ring)
SInv    .            (no ring)
Will    .....        (no ring)
Stlth   +++++        (no ring)
HPRegen 0.30/turn    (no ring)
MPRegen 0.22/turn    (no ring)
                     (no ring)

%: no teleportation
@: paralysed, lethally poisoned (-10 -> -18), slowed
A: almost no armour, amphibious, 8 rings, camouflage 1, gelatinous body 1,
nimble swimmer 1, tentacles, screaming 1
a: Renounce Religion, Channel Magic, Forget Spell, Divine Exegesis


You were in the Dungeon.
You worshipped Sif Muna.
Sif Muna was extremely pleased with you.
You visited 1 branch You collected 850 gold pieces.

Inventory:

Hand Weapons
 e - a +0 dagger
 g - a +1 dagger of draining (weapon)
Missiles
 b - 5 poisoned darts
 h - 5 curare-tipped darts (quivered)
Jewellery
 i - a +6 ring of strength (left tentacle)
Wands
 d - a wand of iceblast (6)
Scrolls
 f - a scroll of blinking
Potions
 a - 3 potions of magic
 c - 3 potions of curing


   Skills:
 + Level 2.4 Throwing
 + Level 4.9 Dodging
 + Level 6.2 Stealth
 - Level 15.0 Spellcasting
 * Level 10.8 Conjurations
 - Level 5.0 Hexes
 * Level 6.8 Summonings
 + Level 13.6 Fire Magic
 * Level 5.6 Invocations


You had 23 spell levels left.
You knew the following spells:

 Your Spells              Type           Power      Damage    Failure   Level
a - Foxfire               Conj/Fire      100%       2x1d9     1%          1
b - Scorch                Fire           100%       2d9       1%          2
c - Inner Flame           Hex/Fire       53%        N/A       1%          3
d - Flame Wave            Conj/Fire      61%        2d14      1%          4
e - Summon Guardian Gole  Hex/Summ       40%        N/A       1%          3
f - Call Canine Familiar  Summ           44%        N/A       1%          3
g - Summon Small Mammal   Summ           100%       N/A       1%          1

Your spell library contained the following spells:

 Spells                   Type           Power      Damage    Failure   Level
 Volatile Blastmotes      Fire/Tloc      88%        2d17      1%          3


Dungeon Overview and Level Annotations

Branches:
Dungeon (1/1)

Altars:
Cheibriados
Dithmenos
Elyvilon
Fedhas
Gozag
Hepliaklqana
Kikubaaqudgha
Makhleb
Nemelex Xobeh
Okawaru
Qazlal
Ru
Sif Muna
Trog
Uskayaw
Vehumet
Wu Jian
Xom
Yredelemnul
Zin
The Shining One
Jiyva
Lugonu

Shops:
D [((?[![


Innate Abilities, Weirdness & Mutations

You cannot wear most types of armour.
You are amphibious.
You can wear up to eight rings at the same time.
Your skin changes colour to match your surroundings (Stealth+).
Your rubbery body absorbs attacks. (AC +1, EV +1)
You are camouflaged when in or above water. (Stealth+)
You have tentacles for arms and can constrict up to eight enemies at once.
You occasionally shout uncontrollably at your foes.


Message History

You feel very sick. The hornet misses you.
The hornet stings you but does no damage.
Unknown command.
Unknown command.
You feel very sick.
The foxfire hits the hornet but does no damage.
The hornet is severely wounded.
The foxfire hits the hornet.
The hornet is burned terribly!
Flame seeps out of the hornet.
The hornet is severely wounded.
The hornet stings you.
You are more poisoned.
You feel as though you will be slow longer.
Unknown command.
Unknown command.
Unknown command.
Casting: Foxfire (safe; 1% risk of failure)
Confirm with . or Enter, or press ? or * to list all spells.
You conjure some foxfire!
You feel very sick.
The hornet is no longer more vulnerable to fire.
The hornet stings you!
You suddenly lose the ability to move!
The hornet stings you.
* * * LOW HITPOINT WARNING * * *
You feel as though you will be slow longer.
The hornet stings you.
* * * LOW HITPOINT WARNING * * *
You feel as though you will be slow longer.
* * * LOW HITPOINT WARNING * * *
You feel very sick.
The foxfire hits the hornet.
Flame seeps out of the hornet.
The hornet is almost dead.
The foxfire hits the hornet!
Sif Muna accepts your kill.
You see here a book of Frost.
Sif Muna grants you a gift!
The hornet explodes!
The fiery explosion engulfs you!!
You die...

#########################
<.#..'.§#..'..#__#..))..#
..'[)#..').#..'..'..#...#
..#####'#####'#__####...+
..####..#...#.####§(#####
..#__####..##.#§§§§§#§$#
..#_____##'#_.+§§§§.'..#
⌠⌠#_.∩...'..._#~@§§.#$$#
###_..__##_.#'##§#### +#
#_____###'#.#)[..###
###########.####'###[##
∩........'...[.)...'.∩#
##''''####...##########
.......####.###
........#.#'#.#
..#.....#.....#


There were no monsters in sight!

Vanquished Creatures
  A centaur warrior (D)
  Sonja (D)
  A deep troll (D)
  7 shining eyes (D)
  2 kobold demonologists (D)
  A hornet (D)
  A slime creature (D)
  Sigmund (D)
  A yak (D)
  4 floating eyes (D)
  An ogre (D)
  A jelly (D)
  Ijyb (D)
  2 ballistomycete spores (D)
25 creatures vanquished.

Vanquished Creatures (collateral kills)
  A shining eye (D)
  A floating eye (D)
2 creatures vanquished.

Vanquished Creatures (others)
  A centaur warrior (D)
  33 foxfires (D)
34 creatures vanquished.

Grand Total: 61 creatures vanquished

Notes
Turn   | Place    | Note
-------+----------+-------------------------------------------
     0 | D        | Conn the Octopode Fire Elementalist began the quest for the
                  | Orb.
     0 | D        | Reached XP level 1. HP: 11/11 MP: 3/3
     1 | D        | Noticed Ijyb
    14 | D        | Killed Ijyb
    15 | D        | Reached skill level 3 in Spellcasting
    15 | D        | Reached XP level 2. HP: 17/17 MP: 0/6
    15 | D        | Reached XP level 3. HP: 21/21 MP: 0/7
    43 | D        | Learned a level 2 spell: Scorch
    47 | D        | Learned a level 3 spell: Inner Flame
    82 | D        | Noticed an ogre
    85 | D        | Killed an ogre
    86 | D        | Reached skill level 5 in Spellcasting
    86 | D        | Reached XP level 4. HP: 27/27 MP: 2/11
   170 | D        | Learned a level 4 spell: Flame Wave
   170 | D        | Noticed Sigmund
   179 | D        | Killed Sigmund
   180 | D        | Reached skill level 5 in Stealth
   180 | D        | Reached skill level 7 in Spellcasting
   180 | D        | Reached skill level 5 in Conjurations
   180 | D        | Reached XP level 5. HP: 23/31 MP: 5/14
   180 | D        | Reached XP level 6. HP: 27/36 MP: 5/16
   268 | D        | Found a shimmering blue altar of Sif Muna.
   269 | D        | Found an ornate altar of the Wu Jian Council.
   270 | D        | Found a radiant altar of Vehumet.
   306 | D        | Found Uhurix's Magic Scroll Emporium.
   306 | D        | Found an ancient bone altar of Kikubaaqudgha.
   306 | D        | Found a hazy altar of Hepliaklqana.
   306 | D        | Found a stormy altar of Qazlal.
   306 | D        | Found a hide-covered altar of Uskayaw.
   306 | D        | Found a blossoming altar of Fedhas.
   306 | D        | Found a bloodstained altar of Trog.
   306 | D        | Found an iron altar of Okawaru.
   306 | D        | Found a basalt altar of Yredelemnul.
   306 | D        | Found a glowing golden altar of the Shining One.
   306 | D        | Found a snail-covered altar of Cheibriados.
   306 | D        | Found a sacrificial altar of Ru.
   306 | D        | Found a glowing silver altar of Zin.
   306 | D        | Found a shadowy altar of Dithmenos.
   306 | D        | Found a white marble altar of Elyvilon.
   306 | D        | Noticed a yak
   310 | D        | Killed a yak
   311 | D        | Reached skill level 8 in Spellcasting
   311 | D        | Reached XP level 7. HP: 30/41 MP: 11/19
   312 | D        | Found an opulent altar of Gozag.
   313 | D        | Found a sparkling altar of Nemelex Xobeh.
   325 | D        | Became a worshipper of Sif Muna the Loreminder
   365 | D        | Found a burning altar of Makhleb.
   365 | D        | Found a viscous altar of Jiyva.
   365 | D        | Found a shimmering altar of Xom.
   365 | D        | Found a corrupted altar of Lugonu.
   365 | D        | Noticed a slime creature
   376 | D        | Killed a slime creature
   377 | D        | Reached skill level 9 in Spellcasting
   453 | D        | Noticed a kobold demonologist
   454 | D        | Noticed a kobold demonologist
   458 | D        | Killed a kobold demonologist
   458 | D        | Reached * piety under Sif Muna
   459 | D        | Reached skill level 10 in Spellcasting
   459 | D        | Reached skill level 1 in Hexes
   459 | D        | Reached skill level 10 in Fire Magic
   459 | D        | Reached XP level 8. HP: 46/46 MP: 6/22
   461 | D        | Killed a kobold demonologist
   462 | D        | Reached skill level 11 in Spellcasting
   573 | D        | Noticed Sonja
   575 | D        | Killed Sonja
   576 | D        | Reached skill level 12 in Spellcasting
   576 | D        | Reached XP level 9. HP: 51/51 MP: 17/25
   659 | D        | Found Duloyme's Antique Armour Boutique.
   679 | D        | Noticed a deep troll
   687 | D        | Killed a deep troll
   687 | D        | Reached ** piety under Sif Muna
   688 | D        | Reached skill level 13 in Spellcasting
   715 | D        | Found Aklomp's Armour Emporium.
   740 | D        | Learned a level 3 spell: Summon Guardian Golem
   744 | D        | Learned a level 3 spell: Call Canine Familiar
   746 | D        | Learned a level 1 spell: Summon Small Mammal
   782 | D        | Noticed a shining eye
   782 | D        | Noticed a shining eye
   782 | D        | Noticed a shining eye
   788 | D        | Paralysed by a floating eye for 4 turns
   792 | D        | Reached skill level 1 in Summonings
   793 | D        | Noticed a shining eye
   796 | D        | Killed a shining eye
   796 | D        | Reached *** piety under Sif Muna
   797 | D        | Reached skill level 1 in Throwing
   797 | D        | Reached skill level 14 in Spellcasting
   798 | D        | Noticed a shining eye
   800 | D        | Noticed a shining eye
   800 | D        | Paralysed by a floating eye for 2 turns
   803 | D        | Paralysed by a floating eye for 3 turns
   806 | D        | Gained mutation: You occasionally shout uncontrollably at
                  | your foes. [a shining eye]
   806 | D        | Killed a shining eye
   806 | D        | Killed a shining eye
   806 | D        | Reached **** piety under Sif Muna
   806 | D        | Noticed a shining eye
   807 | D        | Reached XP level 10. HP: 56/56 MP: 1/28
   807 | D        | Killed a shining eye
   808 | D        | Reached skill level 15 in Spellcasting
   809 | D        | Killed a shining eye
   810 | D        | Killed a shining eye
   811 | D        | Reached skill level 5 in Hexes
   814 | D        | Noticed a shining eye
   836 | D        | Killed a shining eye
   837 | D        | Reached skill level 10 in Conjurations
   837 | D        | Reached skill level 5 in Summonings
   840 | D        | Killed a shining eye
   840 | D        | Reached ***** piety under Sif Muna
   993 | D        | Found Jear's Antique Armour Shop.
   993 | D        | Found Dytoubell's Weapon Shoppe.
   993 | D        | Found Ecooheots's Distillery.
   993 | D        | Found Cegonueb's Antique Weapon Emporium.
  1056 | D        | Noticed a centaur warrior
  1057 | D        | Noticed a centaur warrior
  1061 | D        | Killed a centaur warrior
  1062 | D        | Reached skill level 5 in Invocations
  1070 | D        | Killed a centaur warrior
  1071 | D        | Reached XP level 11. HP: 6/61 MP: 7/30
  1294 | D        | Paralysed by a hornet for 2 turns
  1295 | D        | Received a gift from Sif Muna
  1295 | D        | Killed by an exploding hornet... ignited by their inner
                  | flame

Illustrated notes

Levels and vault maps discovered:
D:        dungeon_sprint_1 [red_sonja_temple_1, red_sonja_temple_small_1]

Skill      XL: |  1  2  3  4  5  6  7  8  9 10 |
---------------+-------------------------------+-----
Stealth        | 3 4 5 6 |  6.2
Spellcasting   | 3 5 7 8 10 12 14 15 | 15.0
Conjurations   | 2 3 5 6 7 9 10 | 10.8
Fire Magic     | 4 6 7 8 10 11 12 13 | 13.6
Dodging        | 3 4 |  4.9
Hexes          | 1 2 4 5 |  5.0
Summonings     | 3 6 |  6.8
Throwing       | 1 2 |  2.4
Invocations    | 5 |  5.6

Action                     |  1- 3 |  4- 6 |  7- 9 | 10-12 || total
---------------------------+-------+-------+-------+-------++-------
  Melee: Unarmed           |     3 |       |       |       ||     3
         Tentacles         |     2 |       |       |       ||     2
         Constrict         |     1 |       |       |       ||     1
  Throw: Dart              |       |       |     3 |     1 ||     4
   Cast: Foxfire           |     3 |       |    10 |     9 ||    22
         Scorch            |     2 |     7 |     8 |     2 ||    19
         Inner Flame       |       |     1 |    11 |     6 ||    18
         Summon Guardian G |       |       |     2 |     1 ||     3
         Summon Small Mamm |       |       |     1 |     4 ||     5
         Call Canine Famil |       |       |     1 |     1 ||     2
    Use: Potion            |     2 |     2 |       |       ||     4
 Armour: Skin              |       |       |       |     1 ||     1
  Dodge: Dodged            |     2 |       |     1 |     1 ||     4

Table legend: (Time is in decaauts)
 A = Elapsed time spent in this place.
 B = Non-inter-level travel time spent in this place.
 C = Inter-level travel time spent in this place.
 D = Time resting spent in this place.
 E = Time spent auto-exploring this place.
 F = Levels seen in this place.
 G = Mean time per level.
                   A        B        C        D        E       F      G
               +--------+--------+--------+--------+--------+-----+--------+
         Total |   1292 |   1292 |      0 |    482 |    194 |   1 | 1292.0 |
       Dungeon |   1292 |   1292 |      0 |    482 |    194 |   1 | 1292.0 |
               +--------+--------+--------+--------+--------+-----+--------+

Top non-repeatable levels by time:
       D: 1292 daAuts
